 Dungeon Crawl Stone Soup version 0.15.0-29-ga8e3430 (webtiles) character file.

30 Kold the Sneak (level 3, -3/17 HPs)
             Began as a Felid Chaos Knight on Sept 12, 2014.
             Was a Plaything of Xom.
             Slain by an adder (5 damage)
             ... on Level 2 of the Dungeon.
             The game lasted 00:02:26 (2085 turns).

Kold the Sneak (Felid Chaos Knight)                 Turns: 2085, Time: 00:02:27

HP  -3/17        AC  1     Str  8      XL: 3   Next:  3%
MP   5/5         EV 18     Int 13      God: Xom
Gold 96          SH  0     Dex 16      Spells:  0 memorised,  2 levels left
Lives: 0, deaths: 0

rFire  + . .     SeeInvis +       - Unarmed
rCold  x . .     Clarity  .     (armour unavailable)
rNeg   . . .     rCorr    .     (shield unavailable)
rPois  .         rRot     .     (helmet unavailable)
rElec  .         Spirit   .     (cloak unavailable)
SustAb .         Warding  .     (gloves unavailable)
rMut   .         Stasis   .     (boots unavailable)
Gourm  .                        (no amulet)
MR     .....                    (no ring)
                                h - cursed ring of fire

@: lethally poisoned, exhausted, hasted, very quick, not resistant to hostile
enchantments, fairly stealthy
A: paw claws, no armour, no weapons or thrown items, fangs 3, see invisible,
breathe flames 1, carnivore 3, deterioration 1, speed 1, shaggy fur 1, slow
metabolism 1, jump 1
a: Jump Attack, Renounce Religion, Breathe Fire


You were on level 2 of the Dungeon.
You worshipped Xom.
You were a toy of Xom.
You were very full.

You visited 1 branch of the dungeon, and saw 2 of its levels.

You collected 96 gold pieces.

Inventory:

Comestibles
 c - a meat ration
 i - 2 rotting chunks of hobgoblin flesh
Scrolls
 a - a scroll of recharging {unknown}
 f - a scroll of identify {unknown}
Jewellery
 h - a cursed ring of fire (left paw)
Potions
 d - a potion of cancellation
 e - a potion of cure mutation {unknown}
 g - a potion of might {unknown}


   Skills:
 - Level 3.0 Fighting
 + Level 3.2 Dodging
 - Level 4.0 Stealth
 - Level 3.0 Unarmed Combat


You had 2 spell levels left.
You didn't know any spells.

Dungeon Overview and Level Annotations

Branches:
Dungeon (2/15)

Altars:
Xom


Innate Abilities, Weirdness & Mutations

You cannot wear armour.
You are incapable of wielding weapons or throwing items.
Your paws have sharp claws.
You have razor-sharp teeth.
You have supernaturally acute eyesight.
You are carnivorous and can eat meat at any time.
You cover ground quickly.
You are covered in fur (AC +1).
You have a slow metabolism.
You can jump attack at a short distance.
You can breathe flames.
Your body is slowly deteriorating.


Message History

You scratch the adder. You bite the adder, but do no damage.
The adder is severely wounded.
You feel sick. The adder closely misses you. The adder closely misses you.
You scratch the adder.
The adder is severely wounded.
The adder bites you.
You barely miss the adder.
The adder is severely wounded.
* * * LOW HITPOINT WARNING * * *
You feel sick. The adder bites you.
* * * LOW HITPOINT WARNING * * *
You are too injured to fight recklessly!
Drink which item? (? for menu, Esc to quit)
You feel magically purged.
It was a potion of cancellation.
Xom thinks this is hilarious!
The adder barely misses you.
Drink which item? (? for menu, Esc to quit)
You feel yourself speed up.
It was a potion of haste.
The adder closely misses you. The adder bites you.
You die...

##...#####. #.#.##
.......)... #.#..#
####..# #..###.#..#
#....(.#._##
#...#<.....#
#...####..## ####
#...# #..#
.'.######...# #..#
##......#...# #@=#
#######.#...# #S.#
#.#...# #..#
#.#...# #..#
#.#..)# #..#
#######.#...# #..#
............# #..#
#######.#.#.......#
#.#.#####...


You could see an adder (bleeding).

Vanquished Creatures
  4 bats
  A giant cockroach (D:1)
  5 hobgoblins
  A jackal (D:2)
  5 kobolds
  A quokka (D:1)
  3 goblins (D:1)
  7 rats
27 creatures vanquished.

Notes
Turn   | Place    | Note
--------------------------------------------------------------
     0 | D:1      | Kold, the Felid Chaos Knight, began the quest for the Orb.
     0 | D:1      | Reached XP level 1. HP: 10/10 MP: 2/2
    65 | D:1      | Reached skill level 1 in Stealth
   364 | D:2      | Reached XP level 2. HP: 2/14 MP: 3/3
   726 | D:2      | XOM: scenery: 3 doors open, 1 doors close
   974 | D:2      | XOM: harmless Conj miscast
  1039 | D:2      | XOM: scenery: create altars
  1081 | D:2      | XOM: harmless Hex miscast
  1177 | D:1      | XOM: colour smoke trail
  1695 | D:1      | Reached skill level 4 in Stealth
  1695 | D:1      | Reached XP level 3. HP: 3/17 MP: 5/5
  1732 | D:1      | XOM: medium Chrm miscast
  1956 | D:1      | XOM: colour smoke trail
  2044 | D:1      | XOM: give mutations
  2044 | D:1      | Gained mutation: Your body is slowly deteriorating. [Xom's mischief]
  2044 | D:1      | Gained mutation: You can breathe flames. [Xom's mischief]
  2085 | D:2      | Slain by an adder

Action                   || total
-------------------------++-------
Melee: Unarmed           ||    88
 Abil: Jump Attack       ||     1
  Use: Potion            ||     2
 Stab: Sleeping          ||     3
       Distracted        ||     1
  Eat: Chunk             ||     9
